 Dungeon Crawl Stone Soup version 0.30-a0-696-g2367cd04db (webtiles) character file.

Game seed: 10606390002121029845

18857 Absynth the Covert (level 12, -1/85 HPs)
             Began as a Demonspawn Brigand on Jan 20, 2023.
             Was a Priest of Dithmenos.
             Slain by a minotaur
             ... wielding a +3 heavy battleaxe
              (14 damage)
             ... in a Gauntlet.
             The game lasted 01:03:38 (10236 turns).

Absynth the Covert (Demonspawn Brigand)            Turns: 10236, Time: 01:03:38

Health: -1/85      AC: 16    Str: 15    XL:     12   Next: 31%
Magic:  20/20      EV: 20    Int: 26    God:    Dithmenos [***...]
Gold:   421        SH:  0    Dex: 26    Spells: 14/21 levels left

rFire   + . .      SeeInvis .    a - +2 short sword (elec)
rCold   + + .      Faith    .    (no shield)
rNeg    + . .      Spirit   .    I - +0 ring mail "Juinacs" {Drain rElec rPois rCorr Int+5}
rPois   +          Reflect  .    (helmet unavailable)
rElec   +          Harm     +    C - scarf {repulsion}
rCorr   +          Rampage  .    i - +1 pair of gloves of Dice, Bag, and Bottle {rF+ rC++ rN+ Str+3}
Will    .....      Clarity  +    g - +2 pair of boots of the Silversmith {Harm rC- Int+4 Dex+3}
Stlth   ++++++     NoTele   +    L - amulet of Suspicion {RegenMP rC+ Int+2}
HPRegen 0.34/turn                p - +5 ring of evasion
MPRegen 0.57/turn                u - +6 ring of dexterity

@: sanguine armoured, wreathed by umbra, repel missiles
A: horns 3, foul stench 2, powered by death 2, sanguine armour 1, clarity,
robust 1, noise suppression
a: Renounce Religion, Shadow Step


You were in a Gauntlet.
You worshipped Dithmenos.
Dithmenos was most pleased with you.
You visited 3 branches of the dungeon, and saw 13 of its levels.
You also visited: Gauntlet.

You collected 964 gold pieces.
You spent 543 gold pieces at shops.

Inventory:

Hand Weapons
 a - a +2 short sword of electrocution (weapon)
 b - a +2 dagger of venom
Missiles
 d - 73 poisoned darts (quivered)
 e - 3 curare-tipped darts
 K - 3 throwing nets
Armour
 g - the +2 pair of boots of the Silversmith (worn) {Harm rC- Int+4 Dex+3}
   (You acquired it on level 9 of the Dungeon)

   Int:       It affects your intelligence (+4).
   Dex:       It affects your dexterity (+3).
   rC:        It makes you vulnerable to cold.
   Harm:      It increases damage dealt and taken.
 i - the +1 pair of gloves of Dice, Bag, and Bottle (worn) {rF+ rC++ rN+ Str+3}
   (You found it in a Gauntlet)

   Str:       It affects your strength (+3).
   rF:        It protects you from fire.
   rC:        It greatly protects you from cold.
   rN:        It protects you from negative energy.
 C - a scarf of repulsion (worn)
 I - the +0 ring mail "Juinacs" (worn) {Drain rElec rPois rCorr Int+5}
   (You found it on level 8 of the Dungeon)

   Int:       It affects your intelligence (+5).
   rElec:     It insulates you from electricity.
   rPois:     It protects you from poison.
   rCorr:     It protects you from acid and corrosion.
   Drain:     It drains your maximum health when unequipped.
Jewellery
 p - a +5 ring of evasion (left hand)
 u - a +6 ring of dexterity (right hand)
 L - the amulet of Suspicion (around neck) {RegenMP rC+ Int+2}
   (You bought it in a shop on level 9 of the Dungeon)

   [amulet of magic regeneration]

   It increases your rate of magic regeneration.
   Int:       It affects your intelligence (+2).
   rC:        It protects you from cold.
Wands
 w - a wand of paralysis (22)
 F - a wand of digging (8)
 J - a wand of polymorph (2)
Scrolls
 h - a scroll of enchant weapon
 j - 4 scrolls of identify
 k - a scroll of fear
 l - a scroll of butterflies {unknown}
 n - 8 scrolls of teleportation
 q - a scroll of fog
 s - a scroll of poison
 t - a scroll of amnesia
 A - 2 scrolls of blinking
Potions
 f - 2 potions of ambrosia
 m - 2 potions of brilliance
 r - a potion of flight
 z - 4 potions of curing
 D - 2 potions of cancellation


   Skills:
 - Level 2.0 Fighting
 - Level 10.0 Short Blades
 - Level 1.7 Throwing
 + Level 2.8 Armour
 - Level 6.0 Dodging
 - Level 10.0 Stealth
 + Level 5.3 Spellcasting
 - Level 5.0 Conjurations
 + Level 6.0 Hexes
 - Level 5.0 Transmutations
 + Level 5.9 Ice Magic


You had 14 spell levels left.
You knew the following spells:

 Your Spells              Type           Power      Damage    Failure   Level
a - Ensorcelled Hibernat  Hex/Ice        76%        N/A       1%          2
d - Dazzling Flash        Conj/Hex       70%        N/A       4%          3
w - Wereblood             Tmut           32%        N/A       2%          2

Your spell library contained the following spells:

 Spells                   Type           Power      Damage    Failure   Level
 Magic Dart               Conj           100%       1d8       1%          1
 Searing Ray              Conj           64%        2d6       2%          2
 Shock                    Conj/Air       76%        1d7       4%          1
 Passwall                 Tmut/Erth      15%        N/A       8%          2
 Fulminant Prism          Conj/Hex       17%        3d10      14%         4
 Cigotuvi's Dreadful Rot  Necr/Pois/Air  12%        N/A       22%         2
 Poisonous Vapours        Pois/Air       12%        N/A       22%         2
 Sublimation of Blood     Necr           6%         N/A       22%         2
 Ignite Poison            Fire/Tmut/Pois 15%        N/A       22%         3
 Mephitic Cloud           Conj/Pois/Air  15%        N/A       22%         3
 Swiftness                Air            6%         N/A       38%         3
 Vhi's Electric Charge    Tloc/Air       12%        N/A       38%         3
 Summon Ice Beast         Ice/Summ       22%        N/A       38%         4
 Yara's Violent Unravell  Hex/Tmut       17%        3d8       38%         5
 Sticky Flame             Conj/Fire      19%        2d4       45%         4
 Iskenderun's Battlesphe  Conj           32%        2d8       45%         5
 Silence                  Hex/Air        11%        N/A       75%         5
 Summon Mana Viper        Hex/Summ       22%        N/A       75%         5
 Airstrike                Air            3%         2d(1-17)  80%         4
 Summon Lightning Spire   Summ/Air       6%         N/A       80%         4
 Arcjolt                  Conj/Air       9%         1d19      80%         5
 Fireball                 Conj/Fire      9%         3d6       80%         5
 Agony                    Necr           6%         N/A       98%         5
 Conjure Ball Lightning   Conj/Air       9%         3x3d6     100%        6
 Monstrous Menagerie      Summ           3%         N/A       100%        7
 Orb of Destruction       Conj           16%        9d7       100%        7
 Storm Form               Tmut/Air       9%         N/A       100%        7
 Summon Hydra             Summ           3%         N/A       100%        7
 Borgnjor's Revivificati  Necr           3%         N/A       100%        8
 Ignition                 Fire           3%         3d4       100%        8
 Maxwell's Capacitive Co  Air            3%         ∞         100%        8


Dungeon Overview and Level Annotations

Branches:
Dungeon (10/15)            Temple (1/1) D:7            Lair (0/5) D:10
    Orc (2/2) D:10            Elf (0/3) Orc:2       Gauntlet (1/1)

Altars:
Ashenzari
Cheibriados
Dithmenos
Fedhas
Gozag
Hepliaklqana
Kikubaaqudgha
Makhleb
Nemelex Xobeh
Okawaru
Qazlal
Ru
Sif Muna
Trog
Uskayaw
Vehumet
Wu Jian
Xom
Yredelemnul

Shops:
D:1 (   D:3 *   D:7 ?   D:9 =   D:10 (

Annotations:
Gauntlet 8 transporters


Innate Abilities, Weirdness & Mutations

You have a pair of large horns on your head.
You sometimes emit foul miasma when damaged in melee.
You regenerate health from kills.
When seriously injured, your blood forms armour. (AC +6)
You possess an exceptional clarity of mind.
You are robust. (+10% HP)
You passively dampen the noise of your surroundings.


Message History

You headbutt the minotaur, but do no damage.
The minotaur is moderately wounded.
The minotaur hits you with a +3 heavy battleaxe!!
* * * LOW HITPOINT WARNING * * *
Your blood congeals into armour.
The minotaur barely misses you.
You barely miss the minotaur.
The minotaur is moderately wounded.
Okay, then.
Casting: Dazzling Flash (mildly dangerous; 4% risk of failure)
Confirm with . or Enter, or press ? or * to list all spells.
Okay, then.
Aiming: Paralyse
Press: ? - help, Shift-Dir - straight line, f - minotaur
Aim: a minotaur, wielding a +3 heavy battleaxe, wearing a +0 chain mail, wearing the ring "Iloviax" {Will+++ MP-9 EV+5 Stlth+} and quivering silver javelins (moderately wounded, umbra, chance to affect: 0%)
Okay, then.
You hit the minotaur but do no damage.
Lightning courses through the minotaur!!
You headbutt the minotaur.
The minotaur is severely wounded.
You hit the minotaur but do no damage.
The minotaur is severely wounded.
The minotaur drinks a potion.
The minotaur is healed!
You hit the minotaur but do no damage. Your headbutt misses the minotaur.
The minotaur is moderately wounded.
You hit the minotaur but do no damage. Lightning courses through the minotaur!
You headbutt the minotaur, but do no damage.
The minotaur is heavily wounded.
The minotaur barely misses you. The minotaur gores you!
* * * LOW HITPOINT WARNING * * *
You closely miss the minotaur.
You headbutt the minotaur, but do no damage.
The minotaur is heavily wounded.
You closely miss the minotaur.
The minotaur furiously retaliates!
The minotaur headbutts you!
* * * LOW HITPOINT WARNING * * *
The minotaur is heavily wounded.
You hit the minotaur but do no damage. Your headbutt misses the minotaur.
The minotaur is heavily wounded.
The minotaur closely misses you. The minotaur gores you!
You die...

#####.###.###.#####
##.###.###.###
#.............#
#.###.###.###.#
#.###.###.###.#
#.............#
######'#######
#.....# ###@###
#≈H..≈# #≈≈∩≈≈#
#≈≈≈≈≈# #######


You could see a minotaur.

Vanquished Creatures
  A green death (Gauntlet)
  Harold (D:10)
  The ghost of Somebody the Skirmisher, a journeyman MfHu of Okawaru (D:9)
  A two-headed ogre (D:10)
  2 centaur warriors
  Urug (D:10)
  A deep elf pyromancer (D:8)
  A cyclops (D:8)
  2 orange demons (Gauntlet)
  2 komodo dragons (D:10)
  Maggie (D:7)
  3 unseen horror zombies (D:9)
  Psyche (D:9)
  An efreet (Gauntlet)
  2 kobold demonologists
  A troll (D:10)
  Prince Ribbit (D:7)
  12 yaks
  A vampire (D:10)
  A wraith (D:8)
  A fire elemental (Gauntlet)
  A basilisk (D:10)
  4 wyverns
  2 steam dragons
  6 vampire mosquitoes
  2 wargs (D:10)
  Menkaure (D:7)
  An acid dragon (D:8)
  2 hell hounds (Gauntlet)
  9 orc warriors
  A black bear (D:7)
  3 ice beasts
  An ogre (D:5)
  8 centaurs
  A phantom (D:6)
  9 kobold brigands
  2 gnoll sergeants
  6 bullfrogs
  A necrophage (D:8)
  5 scorpions
  14 wights
  A howler monkey (D:8)
  7 centaur zombies (D:9)
  4 hounds
  5 orc priests
  A gnoll bouda (D:4)
  8 orc wizards
  12 iguanas
  A killer bee zombie (D:9)
  A howler monkey zombie (D:9)
  24 gnolls
  2 adders
  A shadow imp (D:5)
  3 white imps
  2 worms
  2 dart slugs
  24 orcs
  3 endoplasms
  3 giant cockroaches
  11 goblins
  5 hobgoblins
  6 quokkas
  3 ball pythons
  3 bats
  4 frilled lizards
  14 kobolds
  7 rats
274 creatures vanquished.

Vanquished Creatures (others)
  7 plants
  3 withered plants
10 creatures vanquished.

Grand Total: 284 creatures vanquished

Notes
Turn   | Place    | Note
-------+----------+-------------------------------------------
     0 | D:1      | Absynth the Demonspawn Brigand began the quest for the Orb.
     0 | D:1      | Reached XP level 1. HP: 16/16 MP: 1/1
   123 | D:1      | Reached skill level 1 in Dodging
   158 | D:1      | Found Onkur's Weapon Shop.
   232 | D:1      | Gained mutation: You may rarely emit foul miasma when
                  | damaged in melee. [demonic ancestry]
   232 | D:1      | Reached XP level 2. HP: 22/22 MP: 2/2
   616 | D:1      | Gained mutation: You have a pair of small horns on your
                  | head. [demonic ancestry]
   616 | D:1      | Reached XP level 3. HP: 27/27 MP: 3/3
   690 | D:1      | Found a faded altar of an unknown god.
  1805 | D:3      | Found Ygastrebo's Assorted Antiques.
  1815 | D:3      | Reached XP level 4. HP: 33/33 MP: 4/4
  2131 | D:4      | Found a radiant altar of Vehumet.
  2821 | D:4      | Gained mutation: You sometimes emit foul miasma when
                  | damaged in melee. [demonic ancestry]
  2821 | D:4      | Reached XP level 5. HP: 38/38 MP: 5/5
  2938 | D:5      | Entered Level 5 of the Dungeon
  2946 | D:4      | Reached skill level 5 in Stealth
  2995 | D:5      | Gained mutation: When seriously injured, your blood forms
                  | armour. (AC +6) [demonic ancestry]
  2995 | D:5      | Reached XP level 6. HP: 41/44 MP: 6/6
  3244 | D:5      | Gained mutation: You have a pair of horns on your head.
                  | [demonic ancestry]
  3244 | D:5      | Reached XP level 7. HP: 17/48 MP: 7/7
  3389 | D:5      | Reached skill level 5 in Short Blades
  3678 | D:5      | Gained mutation: You regenerate a little health from kills.
                  | [demonic ancestry]
  3678 | D:5      | Reached XP level 8. HP: 56/56 MP: 8/8
  4221 | D:5      | Gained mutation: You are weak. (Str -2) [potion of
                  | mutation]
  4221 | D:5      | Lost mutation: You are weak. (Str -2) [potion of mutation]
  4221 | D:5      | Gained mutation: Your magical capacity is low. (-10% MP)
                  | [potion of mutation]
  4221 | D:5      | Gained mutation: Your flesh is cold resistant. (rC+)
                  | [potion of mutation]
  4222 | D:5      | Lost mutation: Your magical capacity is low. (-10% MP)
                  | [potion of mutation]
  4222 | D:5      | Lost mutation: Your flesh is cold resistant. (rC+) [potion
                  | of mutation]
  4222 | D:5      | Gained mutation: Potions are less effective at restoring
                  | your health. [potion of mutation]
  4962 | D:6      | Found a shimmering altar of Xom.
  4963 | D:6      | Found a bloodstained altar of Trog.
  5147 | D:6      | Gained mutation: You regenerate health from kills. [demonic
                  | ancestry]
  5147 | D:6      | Reached XP level 9. HP: 57/61 MP: 9/9
  5367 | D:7      | Found a hide-covered altar of Uskayaw.
  5407 | D:7      | Noticed Prince Ribbit
  5435 | D:7      | Killed Prince Ribbit
  5436 | D:7      | Reached skill level 5 in Dodging
  5472 | D:7      | Found Utapreh's Magic Scroll Shop.
  5479 | D:7      | Noticed Menkaure
  5480 | D:7      | Noticed Maggie
  5488 | D:7      | Killed Menkaure
  5522 | D:7      | Bought a scroll of noise for 13 gold pieces
  5548 | D:7      | Killed Maggie
  6057 | D:7      | Found a staircase to the Ecumenical Temple.
  6065 | Temple   | Entered the Ecumenical Temple
  6150 | Temple   | Became a worshipper of Dithmenos the Shadowed
  6390 | D:8      | You fall into a shaft and drop 2 floors!
  6390 | D:10     | Entered Level 10 of the Dungeon
  6419 | D:10     | Found Biastret's Weapon Shop.
  6441 | D:10     | Noticed Harold
  6548 | D:10     | Noticed a kobold demonologist
  6565 | D:10     | Killed a kobold demonologist
  6586 | D:10     | Reached skill level 1 in Spellcasting
  6590 | D:10     | Reached XP level 10. HP: 67/67 MP: 11/11
  6716 | D:9      | Reached skill level 10 in Stealth
  6747 | D:9      | Found Duox's Jewellery Boutique.
  6938 | D:8      | Reached * piety under Dithmenos
  7289 | D:8      | Reached skill level 10 in Short Blades
  7365 | D:8      | Reached skill level 1 in Conjurations
  7365 | D:8      | Reached skill level 1 in Hexes
  7417 | D:8      | Learned a level 2 spell: Wereblood
  7551 | D:8      | Identified the +0 ring mail "Juinacs" {Drain rElec rPois
                  | rCorr Int+5}
  7552 | D:8      | Got the Omnibus of Dark Glamour
  7649 | D:8      | Reached skill level 1 in Transmutations
  7649 | D:8      | Gained mutation: You have a pair of large horns on your
                  | head. [demonic ancestry]
  7649 | D:8      | Reached XP level 11. HP: 60/72 MP: 18/18
  7752 | D:8      | Noticed a deep elf pyromancer
  7756 | D:8      | Killed a deep elf pyromancer
  7757 | D:8      | Reached skill level 5 in Spellcasting
  7863 | D:8      | Noticed a centaur warrior
  7879 | D:8      | Killed a centaur warrior
  8006 | D:8      | Learned a level 3 spell: Dazzling Flash
  8030 | D:9      | Lost mutation: Potions are less effective at restoring your
                  | health. [potion of mutation]
  8030 | D:9      | Gained mutation: You are robust. (+10% HP) [potion of
                  | mutation]
  8030 | D:9      | Gained mutation: You possess an exceptional clarity of
                  | mind. [potion of mutation]
  8030 | D:9      | Gained mutation: You passively dampen the noise of your
                  | surroundings. [potion of mutation]
  8041 | D:9      | Learned a level 2 spell: Ensorcelled Hibernation
  8136 | D:9      | Reached ** piety under Dithmenos
  8137 | D:9      | Reached skill level 1 in Ice Magic
  8181 | D:9      | Noticed Psyche
  8206 | D:9      | Killed Psyche
  8266 | D:9      | Found a broken altar of Ashenzari.
  8436 | D:9      | Found a runed translucent gate.
  8436 | D:9      | Found a runed translucent gate.
  8436 | D:9      | Found a runed translucent gate.
  8438 | D:9      | Found an opulent altar of Gozag.
  8440 | D:9      | Noticed a centaur warrior
  8440 | D:9      | Noticed Somebody's ghost (journeyman MfHu)
  8676 | D:9      | Killed Somebody's ghost
  8701 | D:9      | Killed a centaur warrior
  8702 | D:9      | Reached skill level 5 in Conjurations
  8702 | D:9      | Reached skill level 5 in Hexes
  8784 | D:10     | Found a staircase to the Orcish Mines.
  9004 | D:10     | Noticed a two-headed ogre
  9011 | D:10     | Killed a two-headed ogre
  9037 | D:10     | Noticed Urug
  9039 | D:10     | Paralysed by Urug for 2 turns
  9045 | D:10     | Killed Urug
  9046 | D:10     | Reached skill level 5 in Transmutations
  9072 | D:10     | Found a staircase to the Lair.
  9141 | D:10     | Reached skill level 5 in Ice Magic
  9216 | D:10     | Killed Harold
  9217 | D:10     | Reached skill level 1 in Armour
  9217 | D:10     | Reached XP level 12. HP: 85/85 MP: 7/19
  9240 | D:10     | Reached *** piety under Dithmenos
  9744 | D:9      | Bought the amulet of Suspicion {RegenMP rC+ Int+2} for 530
                  | gold pieces
  9759 | D:9      | Identified a scroll of acquirement
  9775 | D:9      | Acquired the +2 pair of boots of the Silversmith {Harm rC-
                  | Int+4 Dex+3}
  9823 | Orc:1    | Entered Level 1 of the Orcish Mines
  9893 | Orc:2    | Entered Level 2 of the Orcish Mines
  9893 | Orc:2    | Found a staircase to the Elven Halls.
  9899 | Orc:2    | Found a gate leading to a gauntlet.
  9908 | Gauntlet | Entered a Gauntlet
  9908 | Gauntlet | Found a transporter.
  9908 | Gauntlet | Found a transporter.
  9928 | Gauntlet | Found a transporter.
  9929 | Gauntlet | Found a transporter.
  9938 | Gauntlet | Found a transporter.
  9941 | Gauntlet | Noticed a green death
  9959 | Gauntlet | Found a transporter.
  9965 | Gauntlet | Found a transporter.
  9973 | Gauntlet | Found a transporter.
  9992 | Gauntlet | Found a transporter.
  9998 | Gauntlet | Found a transporter.
 10015 | Gauntlet | Found a transporter.
 10049 | Gauntlet | Found a transporter.
 10122 | Gauntlet | Identified the +1 pair of gloves of Dice, Bag, and Bottle
                  | {rF+ rC++ rN+ Str+3}
 10181 | Gauntlet | Killed a green death
 10205 | Gauntlet | Identified the +0 helmet of Ashenzari's Esteem {*Slow rElec
                  | Str+4 Int+5}
 10220 | Gauntlet | Identified the ring "Iloviax" {Will+++ MP-9 EV+5 Stlth+}
 10220 | Gauntlet | Noticed a minotaur
 10236 | Gauntlet | Slain by a minotaur

Illustrated notes

Levels and vault maps discovered:
D:1:      matt_arrival_refuge, layout_basic, serial_shops,
          nicolae_shop_temple_entry_statues_fountains,
          shapermc_ecumenical_altar_flowoftime, grunt_decor_clamped,
          minmay_misc_feat_columns, st_stairs_14, nicolae_wormholes
D:2:      layout_rooms, minmay_bisected
D:3:      layout_basic, serial_shops, nicolae_shop_behind_doors
D:4:      layout_cave_pods, nicolae_vehumet_radiance
D:5:      kennysheep_six_static_rooms, layout_rooms
D:6:      layout_basic, amethyst_overflow_temple_binary,
          hangedman_abyss_or_decor_stabs, minivault_24
D:7:      layout_cave_pools, old_standard_altar, minmay_temple_entry_large_hall,
          serial_shops, nicolae_shop_behind_doors, hangedman_glass_teeth,
          corexii_leaking_fountain, nicolae_elevator_lobby_asterisk,
          uniq_maggie, uniq_prince_ribbit1, uniq_menkaure
D:8:      layout_basic, minmay_the_grid_2x2 [minmay_the_grid_minigrid_medium,
          minmay_the_grid_tree, minmay_the_grid_dragon_b,
          minmay_the_grid_prize_shrinking_boxes]
D:9:      layout_basic, zin_scriptorium, cheibrodos_ashenzari_chains,
          serial_shops, nicolae_shop_window_shopping, ebering_ghost_gozag,
          serial_undead, serial_undead_d, serial_undead_f, serial_undead_a,
          serial_undead_a, uniq_psyche
D:10:     layout_small_grid, erik_lair_orcish_takeover, orc_david_3,
          special_room [special_room_kobold], minivault_26, minmay_lizard_king,
          uniq_harold, uniq_urug
Temple:   eino_temple_rhombus
Orc:1:    layout_caves
Orc:2:    grunt_orc_community_town_hall, layout_diamond_mine,
          grunt_orc_community_big_house_1, grunt_orc_community_big_house_1,
          grunt_orc_community_house_1, grunt_orc_community_house_2,
          grunt_orc_community_house_2, grunt_orc_community_house_1,
          grunt_orc_community_house_1, grunt_orc_community_house_2,
          gauntlet_entry_generic, basic_altar, minmay_orc_temple_b
Gauntlet: gammafunk_gauntlet_shortcut [gammafunk_gauntlet_arena_chambers,
          gammafunk_gauntlet_arena_crates, gammafunk_gauntlet_arena_spirals,
          gammafunk_gauntlet_arena_split_diamond,
          gammafunk_gauntlet_arena_corners, nicolae_gauntlet_arena_flowing_pool,
          gauntlet_exit_watery]

Skill      XL: |  1  2  3  4  5  6  7  8  9 10 11 12 |
---------------+-------------------------------------+-----
Dodging        | 1 2 3 4 5 6 |  6.0
Short Blades   | 2 3 4 5 7 8 10 | 10.0
Stealth        | 4 5 6 8 9 10 | 10.0
Spellcasting   | 1 4 5 |  5.3
Conjurations   | 2 5 |  5.0
Hexes          | 2 5 6 |  6.0
Transmutations | 1 5 |  5.0
Ice Magic      | 5 |  5.9
Armour         | 1 2 |  2.8
Fighting       | |  2.0
Throwing       | |  1.7

Action                   |  1- 3 |  4- 6 |  7- 9 | 10-12 || total
-------------------------+-------+-------+-------+-------++-------
Melee: Dagger            |   136 |     1 |    14 |    45 ||   196
       Headbutt          |    17 |    18 |    63 |   150 ||   248
       Punch             |     1 |     2 |     2 |    11 ||    16
       Short sword       |       |    77 |   255 |   536 ||   868
Throw: Dart              |       |       |     7 |    13 ||    20
 Cast: Ensorcelled Hiber |       |       |       |    35 ||    35
       Wereblood         |       |       |       |     7 ||     7
       Dazzling Flash    |       |       |       |     3 ||     3
Evoke: Wand              |       |       |       |     2 ||     2
  Use: Scroll            |       |       |    11 |     9 ||    20
       Potion            |       |       |     9 |     6 ||    15
 Stab: Sleeping          |     7 |     7 |    19 |    24 ||    57
       Distracted        |       |       |     3 |     2 ||     5
       Paralysed         |       |       |       |     1 ||     1
       Invisible         |       |       |       |     1 ||     1
Armor: Robe              |    20 |     3 |     4 |    18 ||    45
       Ring mail         |       |       |       |    48 ||    48
Dodge: Dodged            |    72 |    58 |   192 |   506 ||   828
       Repelled          |       |       |     1 |     3 ||     4

Table legend: (Time is in decaauts)
 A = Elapsed time spent in this place.
 B = Non-inter-level travel time spent in this place.
 C = Inter-level travel time spent in this place.
 D = Time resting spent in this place.
 E = Time spent auto-exploring this place.
 F = Levels seen in this place.
 G = Mean time per level.
                   A        B        C        D        E       F      G
               +--------+--------+--------+--------+--------+-----+--------+
         Total |   9783 |   9447 |    336 |    911 |   5423 |  14 |  698.8 |
       Dungeon |   9270 |   8950 |    320 |    892 |   5268 |  10 |  927.0 |
        Temple |    174 |    158 |     16 |      0 |    138 |   1 |  174.0 |
  Orcish Mines |     47 |     47 |      0 |      0 |     17 |   2 |   23.5 |
      Gauntlet |    290 |    290 |      0 |     19 |      0 |   1 |  290.0 |
               +--------+--------+--------+--------+--------+-----+--------+

Top non-repeatable levels by time:
     D:5: 1207 daAuts
     D:8: 1136 daAuts
    D:10: 1135 daAuts
     D:1: 1096 daAuts
     D:6: 1049 daAuts
     D:9: 1012 daAuts
     D:4: 975 daAuts
     D:7: 714 daAuts
     D:3: 592 daAuts
     D:2: 351 daAuts
Gauntlet: 290 daAuts
  Temple: 174 daAuts
   Orc:1: 33 daAuts
   Orc:2: 14 daAuts
